 Dungeon Crawl Stone Soup version 0.31-a0-1237-gabc64e778c (webtiles) character file.

Game seed: 9825734466781016139

953 lunkers the Martial Artist (level 8, 0/53 (58) HPs)
             Began as a Meteoran Shapeshifter on Dec 13, 2023.
             Was an Initiate of Makhleb.
             Slain by a wight
             ... wielding a +4 hand axe of freezing
              (12 damage)
             ... on level 5 of the Dungeon on Dec 15, 2023.
             The game lasted 00:09:35 (1809 turns).

lunkers the Martial Artist (Meteoran Shapeshifter)  Turns: 1809, Time: 00:09:35

HP:   0/53 (58)     AC:  0    Str: 15    XL:     8   Next: 62%
MP:   9/9           EV: 16    Int: 12    God:    Makhleb [......]
Gold: 161           SH:  0    Dex: 16    Spells: 7/7 levels left

rFire   . .          .
                       - Unarmed
rCold   . . .        (shield currently unavailable)
rNeg    . . .        i - melded +0 ring mail
rPois   .            (no helmet)
rElec   .            (no cloak)
rCorr   .            (no gloves)
SInv    .            (no boots)
Will    +....        (no amulet)
Stlth   +            (no ring)
HPRegen 0.28/turn    (no ring)
MPRegen 0.11/turn

%: no passive effects
@: flux-form, glowing, drained
A: glow, contaminating, reduced hp, sense surroundings 1, otherworldly, glowing,
explore regen
a: Begin Untransformation, Renounce Religion


You were on level 5 of the Dungeon.
You worshipped Makhleb.
Makhleb was noncommittal.
You were something dangerously unstable.
You visited 2 branches of the dungeon, and saw 8 of its levels.

You collected 161 gold pieces.

Inventory:

Armour
 a - a +0 animal skin
 i - a +0 ring mail (melded)
Talismans
 c - a beast talisman
 d - a flux talisman (active)
Scrolls
 e - a scroll of poison
 k - 2 scrolls of fog
 m - a scroll of silence {unknown}
Potions
 b - a potion of haste {unknown}
 f - a potion of brilliance {unknown}
 g - a potion of curing
 h - 2 potions of might {unknown}
 j - a potion of mutation {unknown}
 l - a potion of resistance {unknown}
 n - a potion of degeneration {unknown}
 o - 2 potions of cancellation {unknown}
 p - a potion of ambrosia {unknown}
 q - a potion of berserk rage {unknown}


   Skills:
 - Level 1.1 Fighting
 - Level 2.1 Dodging
 * Level 9.6 Unarmed Combat
 + Level 6.8 Shapeshifting


You had 7 spell levels left.
You didn't know any spells.
Your spell library contained the following spells:

 Spells                   Type           Power      Damage    Failure   Level
 Volatile Blastmotes      Fire/Tloc      0%         2d10      69%         3
 Fulminant Prism          Conj/Hex       0%         3d5       97%         4
 Iskenderun's Mystic Bla  Conj/Tloc      0%         2d3       97%         4
 Manifold Assault         Tloc           0%         N/A       97%         4
 Dispersal                Tloc           0%         N/A       100%        6
 Disjunction              Tloc           0%         N/A       100%        8


Dungeon Overview and Level Annotations

Branches:
Dungeon (7/15) Zot: 2425   Temple (1/1) D:7 Zot: 591

Altars:
Ashenzari
Cheibriados
Elyvilon
Fedhas
Kikubaaqudgha
Makhleb
Nemelex Xobeh
Okawaru
Qazlal
Ru
Vehumet
Wu Jian
Yredelemnul
Zin
The Shining One


Innate Abilities, Weirdness & Mutations

You are something dangerously unstable.
You glow with magical radiation, making you easy to see and hit.
Foes you strike become dangerously contaminated with magical radiation.
Your maximum health is decreased, since you lack skill for your form.
You are incapable of wielding weapons or throwing items.
You passively map a small area around you.
You are easily found by Zot.
You glow in the dark.
You regain HP and MP as you explore.


Message History

The wight closely misses you.
You hit the wight.
The wight begins to glow.
The wight is moderately damaged.
The wight hits you with a +4 hand axe of freezing!
* * * LOW HITPOINT WARNING * * *
You feel drained.
* * * LOW HITPOINT WARNING * * *
The wight freezes you.
* * * LOW HITPOINT WARNING * * *
The wight completely misses you. The wight misses you.
The wight attacks as it pursues you! The wight barely misses you.
Found an amethyst potion.
You see here 16 gold pieces.
You now have 161 gold pieces (gained 16).
The adder bites you.
* * * LOW HITPOINT WARNING * * *
You hit the adder.
The adder begins to glow.
The adder is heavily wounded.
The adder completely misses you.
You closely miss the adder.
The adder is heavily wounded.
The adder bites you.
* * * LOW HITPOINT WARNING * * *
The wight hits you with a +0 dagger.
* * * LOW HITPOINT WARNING * * *
You feel drained.
* * * LOW HITPOINT WARNING * * *
Serverwide announcement: Reminder: I will be taking CBR2 down today and should have it back up and running sometime on Sunday.
Found 16 gold pieces.
The wight stops glowing.
The wight barely misses you. The adder bites you.
* * * LOW HITPOINT WARNING * * *
You hit the adder.
The adder glows dangerously bright.
The adder is almost dead.
The adder misses you.
You punch the adder!
You kill the adder!
Makhleb accepts your kill.
You barely miss the wight.
The wight hits you with a +4 hand axe of freezing!
You die...

* ##### #...# *
##...## .,* #.....#
..## ######.p..#
....# ##..#.###z##
.....##......#..$##
##.........#zz....# *
#..........#......!.#
#.....>.z........###
#................#
#..............####
,*...............#


You could see a wight.

Vanquished Creatures
  Eustachio (D:4)
  A water moccasin (D:6)
  A black bear (D:6)
  3 scorpions
  2 howler monkeys (D:7)
  4 orc priests
  A gnoll bouda (D:6)
  3 orc wizards
  5 gnolls (D:6)
  5 adders
  2 dart slugs
  10 orcs
  2 bats
  9 endoplasms
  3 giant cockroaches
  5 goblins
  3 kobolds (D:1)
  2 quokkas (D:1)
  A ball python (D:2)
  2 frilled lizards
  4 rats
69 creatures vanquished.

Notes
Turn   | Place    | Note
-------+----------+-------------------------------------------
     0 | D:1      | lunkers the Meteoran Shapeshifter began the quest for the
                  | Orb.
     0 | D:1      | Reached XP level 1. HP: 16/16 MP: 2/2
    66 | D:1      | Reached XP level 2. HP: 19/23 MP: 3/3
    70 | D:1      | Reached skill level 4 in Unarmed Combat
   199 | D:1      | Reached XP level 3. HP: 6/28 MP: 4/4
   544 | D:3      | Upgraded the game from 0.31-a0-1204-ge2c1a860ed to
                  | 0.31-a0-1206-g41278d8d1d
   544 | D:3      | Upgraded the game from 0.31-a0-1206-g41278d8d1d to
                  | 0.31-a0-1227-g0136665373
   544 | D:3      | Upgraded the game from 0.31-a0-1227-g0136665373 to
                  | 0.31-a0-1237-gabc64e778c
   647 | D:3      | Reached XP level 4. HP: 35/35 MP: 5/5
   745 | D:4      | Reached skill level 5 in Unarmed Combat
   765 | D:4      | Reached XP level 5. HP: 5/40 MP: 6/6
   765 | D:4      | HP: 1/40 [frozen (5)]
   839 | D:4      | Noticed Eustachio
   852 | D:4      | Found a white marble altar of Elyvilon.
   886 | D:4      | Killed Eustachio
   887 | D:4      | Reached skill level 6 in Unarmed Combat
   887 | D:4      | Reached skill level 5 in Shapeshifting
   887 | D:4      | Reached XP level 6. HP: 47/47 MP: 7/7
   902 | D:4      | Reached skill level 7 in Unarmed Combat
   994 | D:4      | Reached XP level 7. HP: 48/52 MP: 8/8
  1139 | D:5      | Entered Level 5 of the Dungeon
  1200 | D:5      | You fall into a shaft and drop 2 floors!
  1333 | D:7      | Reached skill level 8 in Unarmed Combat
  1518 | D:7      | Found a staircase to the Ecumenical Temple.
  1524 | Temple   | Entered the Ecumenical Temple
  1528 | Temple   | Became a worshipper of Makhleb the Destroyer
  1637 | D:6      | Noticed a water moccasin
  1661 | D:6      | Killed a water moccasin
  1662 | D:6      | Reached XP level 8. HP: 5/59 MP: 9/9
  1744 | D:6      | Reached skill level 9 in Unarmed Combat
  1809 | D:5      | Slain by a wight

Illustrated notes

Levels and vault maps discovered:
D:1:      saegor_arrival_simple_c, layout_rooms, minmay_misc_feat_roman,
          minmay_bisected
D:2:      layout_basic
D:3:      layout_basic, nicolae_dithmenos_the_darkroom, led_sif_pool,
          lemuel_crystal_altar
D:4:      layout_cave_pools, nicolae_elyvilon_temple_path,
          chequers_serial_rivers_large_a, minmay_rat_hole, uniq_eustachio
D:5:      layout_cave_pools, xom_redecorated, minivault_5
D:6:      layout_rooms, hangedman_abyss_or_decor_stabs
D:7:      layout_basic, minmay_temple_entry_enclosed_plants
Temple:   zaba_magenta_temple

Skill      XL: |  1  2  3  4  5  6  7  8 |
---------------+-------------------------+-----
Unarmed Combat | 4 5 6 7 8 9 |  9.6
Shapeshifting  | 4 5 6 |  6.8
Fighting       | |  1.1
Dodging        | |  2.1

Action                     |  1- 3 |  4- 6 |  7- 9 || total
---------------------------+-------+-------+-------++-------
  Melee: Unarmed           |    73 |    59 |   103 ||   235
         Punch             |     3 |       |       ||     3
    Use: Scroll            |     2 |       |     3 ||     5
         Potion            |       |     1 |     3 ||     4
 Armour: Animal skin       |    21 |       |       ||    21
         Ring mail         |     9 |    28 |     7 ||    44
         Skin              |       |    25 |    57 ||    82
  Dodge: Dodged            |    40 |    15 |    62 ||   117
   Form: Flux              |       |       |     1 ||     1

Table legend: (Time is in decaauts)
 A = Elapsed time spent in this place.
 B = Non-inter-level travel time spent in this place.
 C = Inter-level travel time spent in this place.
 D = Time resting spent in this place.
 E = Time spent auto-exploring this place.
 F = Levels seen in this place.
 G = Mean time per level.
                   A        B        C        D        E       F      G
               +--------+--------+--------+--------+--------+-----+--------+
         Total |   1782 |   1618 |    164 |    136 |    884 |   8 |  222.8 |
       Dungeon |   1773 |   1613 |    160 |    136 |    884 |   7 |  253.3 |
        Temple |      8 |      4 |      4 |      0 |      0 |   1 |    8.0 |
               +--------+--------+--------+--------+--------+-----+--------+

Top non-repeatable levels by time:
     D:7: 420 daAuts
     D:4: 407 daAuts
     D:2: 329 daAuts
     D:1: 208 daAuts
     D:3: 182 daAuts
     D:6: 149 daAuts
     D:5: 76 daAuts
  Temple: 8 daAuts
